TOP OF THE 1ST |
Daytona Tortugas batting - Pitching for Charlotte Stone Crabs : RHP Kevin Stewart
|
Pitching: RHP Kevin Stewart
|
|
Batting: SHB Bryan Johnston
|
0-0: Called Strike 0-1: Ball 1-1: Called Strike 1-2: Ball 2-2: Ball 3-2: Fly out, F8 (Line Drive, 8LM, EV 98.8 MPH)
|
Batting: RHB Ricky Carbajal
|
0-0: Fly out, F8 (Flyball, 8RD, EV 90.0 MPH)
|
Batting: SHB Tim Utz
|
0-0: Ball 1-0: Ball 2-0: Called Strike 2-1: SINGLE (Line Drive, 56D, EV 95.6 MPH)
|
Pitching: RHP Nate Russano
|
|
Batting: RHB Danny Real
|
0-0: Foul Ball, location: 2F 0-1: Foul Ball, location: 2F 0-2: Ball 1-2: Ball 2-2: Strikes out swinging
|
Top of the 1st over - 0 runs, 1 hit, 0 errors, 1 left on base; Daytona 0 - Charlotte 0 |
BOTTOM OF THE 1ST |
Charlotte Stone Crabs batting - Pitching for Daytona Tortugas : RHP Tyrese Barnett
|
Pitching: RHP Tyrese Barnett
|
|
Batting: LHB Mark Marvin
|
0-0: Ball 1-0: SINGLE (Line Drive, 8RS, EV 105.6 MPH)
|
Batting: LHB Dan Hunt
|
0-0: Foul Ball, location: 2F 0-1: Ball 1-1: Swinging Strike 1-2: Foul Ball, location: 2F 1-2: Ball Mark Marvin steals 2nd base 2-2: Ball 3-2: Foul Ball, location: 2F 3-2: Fly out, F8 (Line Drive, 8RD, EV 105.6 MPH) Runner from 2nd tags up, SAFE at 3rd with throw by CF
|
Batting: RHB David Ward
|
0-0: Ball 1-0: Ball 2-0: Ground out 6-3 (Groundball, 6, EV 84.4 MPH) Mark Marvin scores
|
Batting: RHB Adam Kaeser
|
0-0: Ball 1-0: Ball 2-0: Called Strike 2-1: SINGLE (Groundball, 3D, EV 95.0 MPH)
|
Batting: RHB Freddy Mullen
|
0-0: Foul Ball, location: 2F 0-1: Fielders Choice at 2nd, 6-4 (Groundball, 6, EV 100.6 MPH)
|
Bottom of the 1st over - 1 run, 2 hits, 0 errors, 1 left on base; Daytona 0 - Charlotte 1 |
TOP OF THE 2ND |
Daytona Tortugas batting - Pitching for Charlotte Stone Crabs : RHP Nate Russano
|
Batting: SHB Paul Sandoval
|
0-0: Called Strike 0-1: Called Strike 0-2: Ball 1-2: Foul Ball, location: 2F 1-2: Foul Ball, location: 2F 1-2: Foul Ball, location: 2F 1-2: Ball 2-2: SOLO HOME RUN (Flyball, 78XD, EV 101.2 MPH), Distance : 411 ft
|
Batting: RHB John Galluzzo
|
0-0: Called Strike 0-1: Ball 1-1: Foul Ball, location: 2F 1-2: Ball 2-2: SINGLE (Groundball, 34D, EV 107.5 MPH)
|
Batting: RHB Tim Wormell
|
0-0: Fly out, F9 (Flyball, 9, EV 87.5 MPH)
|
Batting: LHB Manny Ruvalcaba
|
0-0: Ball 1-0: Foul Ball, location: 2F 1-1: Fly out, F7 (Line Drive, 7, EV 97.5 MPH)
|
Batting: RHB Yasusaburo Kuwahara
|
0-0: Called Strike 0-1: Foul Ball, location: 2F 0-2: Ball 1-2: Strikes out swinging
|
Top of the 2nd over - 1 run, 2 hits, 0 errors, 1 left on base; Daytona 1 - Charlotte 1 |
BOTTOM OF THE 2ND |
Charlotte Stone Crabs batting - Pitching for Daytona Tortugas : RHP Tyrese Barnett
|
Batting: SHB Wayne Hattan
|
0-0: Foul Ball, location: 2F 0-1: Foul Ball, location: 2F 0-2: Strikes out looking
|
Batting: RHB Jesse Haddad
|
0-0: Ball 1-0: Swinging Strike 1-1: Ground out 6-3 (Groundball, 6M, EV 101.2 MPH)
|
Batting: RHB Kunizo Yanagisawa
|
0-0: Called Strike 0-1: SINGLE (Line Drive, 34D, EV 96.9 MPH)
|
Batting: RHB Chris Glavin
|
0-0: Called Strike 0-1: Ball 1-1: Ball 2-1: Swinging Strike 2-2: Ball 3-2: Foul Ball, location: 2F 3-2: Strikes out looking
|
Bottom of the 2nd over - 0 runs, 1 hit, 0 errors, 1 left on base; Daytona 1 - Charlotte 1 |
TOP OF THE 3RD |
Daytona Tortugas batting - Pitching for Charlotte Stone Crabs : RHP Nate Russano
|
Batting: SHB Bryan Johnston
|
0-0: Ground out 2-3 (Groundball, 2R, EV 70.6 MPH)
|
Batting: RHB Ricky Carbajal
|
0-0: Ball 1-0: Called Strike 1-1: SINGLE (Groundball, 34S, EV 68.8 MPH) (infield hit)
|
Batting: SHB Tim Utz
|
0-0: Fielders Choice at 2nd, 4-6 (Groundball, 4MS, EV 92.5 MPH)
|
Batting: RHB Danny Real
|
0-0: Called Strike 0-1: Ball Wild Pitch! Tim Utz to second 1-1: Swinging Strike 1-2: SINGLE (Groundball, 25, EV 68.8 MPH) (infield hit) Tim Utz to third
|
Batting: SHB Paul Sandoval
|
0-0: Ball 1-0: Called Strike 1-1: Called Strike 1-2: Ball 2-2: Ball 3-2: SINGLE (Groundball, 15S, EV 76.2 MPH) (infield hit) Tim Utz scores Danny Real to second
|
Batting: RHB John Galluzzo
|
0-0: Swinging Strike 0-1: Called Strike 0-2: Strikes out swinging
|
Top of the 3rd over - 1 run, 3 hits, 0 errors, 2 left on base; Daytona 2 - Charlotte 1 |
BOTTOM OF THE 3RD |
Charlotte Stone Crabs batting - Pitching for Daytona Tortugas : RHP Tyrese Barnett
|
Batting: LHB Mark Marvin
|
0-0: SINGLE (Groundball, 4S, EV 64.4 MPH) (infield hit)
|
Batting: LHB Dan Hunt
|
0-0: Ball 1-0: Called Strike 1-1: Ball 2-1: Ground out 4-3 (Groundball, 34, EV 101.9 MPH) Mark Marvin to second
|
Batting: RHB David Ward
|
0-0: Ball 1-0: Ball 2-0: Ground out 4-3 (Groundball, 4MS, EV 69.4 MPH) Mark Marvin to third
|
Batting: RHB Adam Kaeser
|
0-0: Ball 1-0: Called Strike 1-1: Foul Ball, location: 2F 1-2: Strikes out swinging
|
Bottom of the 3rd over - 0 runs, 1 hit, 0 errors, 1 left on base; Daytona 2 - Charlotte 1 |
TOP OF THE 4TH |
Daytona Tortugas batting - Pitching for Charlotte Stone Crabs : RHP Nate Russano
|
Batting: RHB Tim Wormell
|
0-0: Ball 1-0: Called Strike 1-1: Foul Ball, location: 2F 1-2: Ball 2-2: Ball 3-2: Ground out 5-3 (Groundball, 5, EV 81.9 MPH)
|
Batting: LHB Manny Ruvalcaba
|
0-0: Ball 1-0: Swinging Strike 1-1: Swinging Strike 1-2: Strikes out swinging
|
Batting: RHB Yasusaburo Kuwahara
|
0-0: Called Strike 0-1: Ball 1-1: SINGLE (Groundball, 4MD, EV 95.6 MPH)
|
Batting: SHB Bryan Johnston
|
0-0: Ball 1-0: Ball 2-0: Fly out, F4 (Line Drive, 4, EV 62.5 MPH)
|
Top of the 4th over - 0 runs, 1 hit, 0 errors, 1 left on base; Daytona 2 - Charlotte 1 |
BOTTOM OF THE 4TH |
Charlotte Stone Crabs batting - Pitching for Daytona Tortugas : RHP Tyrese Barnett
|
Batting: RHB Freddy Mullen
|
0-0: Ball 1-0: Called Strike 1-1: Ground out 6-3 (Groundball, 6, EV 84.4 MPH)
|
Batting: SHB Wayne Hattan
|
0-0: Ball 1-0: Called Strike 1-1: Foul Ball, location: 2F 1-2: Foul Ball, location: 2F 1-2: Strikes out looking
|
Batting: RHB Jesse Haddad
|
0-0: Foul Ball, location: 2F 0-1: Ball 1-1: Foul Ball, location: 2F 1-2: Strikes out looking
|
Bottom of the 4th over - 0 runs, 0 hits, 0 errors, 0 left on base; Daytona 2 - Charlotte 1 |
TOP OF THE 5TH |
Daytona Tortugas batting - Pitching for Charlotte Stone Crabs : RHP Nate Russano
|
Batting: RHB Ricky Carbajal
|
0-0: Ground out 6-3 (Groundball, 6M, EV 90.6 MPH)
|
Batting: SHB Tim Utz
|
0-0: Foul Ball, location: 2F 0-1: Ball 1-1: Called Strike 1-2: Strikes out swinging
|
Batting: RHB Danny Real
|
0-0: Foul Ball, location: 2F 0-1: SINGLE (Groundball, 34D, EV 95.6 MPH)
|
Pitching: RHP Eric Smith
|
|
Batting: SHB Paul Sandoval
|
0-0: Ball 1-0: Ball 2-0: Called Strike Danny Real steals 2nd base 2-1: Called Strike 2-2: Strikes out looking
|
Top of the 5th over - 0 runs, 1 hit, 0 errors, 1 left on base; Daytona 2 - Charlotte 1 |
BOTTOM OF THE 5TH |
Charlotte Stone Crabs batting - Pitching for Daytona Tortugas : RHP Tyrese Barnett
|
Batting: RHB Kunizo Yanagisawa
|
0-0: Called Strike 0-1: SINGLE (Flyball, 9LS, EV 90.6 MPH)
|
Batting: RHB Chris Glavin
|
0-0: Ball 1-0: Swinging Strike 1-1: Swinging Strike 1-2: Foul Ball, location: 2F 1-2: Strikes out swinging
|
Batting: LHB Mark Marvin
|
0-0: Ball Wild Pitch! Kunizo Yanagisawa to second 1-0: Ball 2-0: Called Strike 2-1: DOUBLE (Groundball, 5L, EV 103.8 MPH) Kunizo Yanagisawa scores
|
Batting: LHB Dan Hunt
|
0-0: Called Strike 0-1: Called Strike 0-2: Ball 1-2: Ball 2-2: Ground out U3 (Groundball, 13, EV 92.5 MPH) Mark Marvin to third
|
Batting: RHB David Ward
|
0-0: Ball 1-0: Foul Ball, location: 2F 1-1: Foul Ball, location: 2F 1-2: Foul Ball, location: 2F 1-2: Ball 2-2: Ground out 5-3 (Groundball, 5S, EV 69.4 MPH)
|
Bottom of the 5th over - 1 run, 2 hits, 0 errors, 1 left on base; Daytona 2 - Charlotte 2 |
TOP OF THE 6TH |
Daytona Tortugas batting - Pitching for Charlotte Stone Crabs : RHP Eric Smith
|
Batting: RHB John Galluzzo
|
0-0: Ball 1-0: Called Strike 1-1: DOUBLE (Line Drive, 78D, EV 101.9 MPH)
|
Batting: RHB Tim Wormell
|
0-0: Called Strike 0-1: Ball 1-1: Ball 2-1: Called Strike 2-2: Ball 3-2: DOUBLE (Line Drive, 3D, EV 96.2 MPH) John Galluzzo scores
|
Batting: LHB Manny Ruvalcaba
|
0-0: Ball 1-0: Called Strike 1-1: Ball 2-1: SINGLE (Flyball, 56D, EV 93.8 MPH) Tim Wormell to third
|
Batting: RHB Yasusaburo Kuwahara
|
0-0: Called Strike 0-1: Fly out, F8 (Flyball, 8LXD, EV 98.1 MPH) Runner from 3rd tags up, SCORES, no throw by CF
|
Batting: SHB Bryan Johnston
|
0-0: Called Strike 0-1: Ball 1-1: Swinging Strike 1-2: Ball 2-2: Foul Ball, location: 2F 2-2: Foul Ball, location: 2F 2-2: Ball 3-2: DOUBLE (Line Drive, 7LS, EV 96.2 MPH) Manny Ruvalcaba to third Runner from 3rd tries for Home, SAFE, throw by LF to home
|
Pitching: RHP Josh McMahan
|
|
Batting: RHB Ricky Carbajal
|
0-0: Ball 1-0: Ball 2-0: Ball 3-0: Base on Balls
|
Batting: SHB Tim Utz
|
0-0: Called Strike Bryan Johnston steals 3rd base Ricky Carbajal to second 0-1: Ball 1-1: Called Strike 1-2: Ball 2-2: SINGLE (Groundball, 6MS, EV 61.9 MPH) (infield hit) Bryan Johnston scores Ricky Carbajal to third
|
Batting: RHB Danny Real
|
0-0: DOUBLE (Flyball, 8LXD, EV 99.4 MPH) Ricky Carbajal scores Tim Utz to third
|
Batting: SHB Paul Sandoval
|
0-0: Foul Ball, location: 2F 0-1: Ball 1-1: Foul Ball, location: 2F 1-2: Ground out U3 (Groundball, 3L, EV 85.6 MPH)
|
Batting: RHB John Galluzzo
|
0-0: Called Strike 0-1: DOUBLE (Flyball, 78XD, EV 108.1 MPH) Tim Utz scores Danny Real scores
|
Batting: RHB Tim Wormell
|
0-0: Ball 1-0: Fly out, F9 (Flyball, 9LS, EV 81.9 MPH)
|
Top of the 6th over - 7 runs, 7 hits, 0 errors, 1 left on base; Daytona 9 - Charlotte 2 |
BOTTOM OF THE 6TH |
Charlotte Stone Crabs batting - Pitching for Daytona Tortugas : RHP Tyrese Barnett
|
Batting: RHB Adam Kaeser
|
0-0: Ball 1-0: Ball 2-0: Foul Ball, location: 2F 2-1: Called Strike 2-2: Ball 3-2: Ground out 5-3 (Groundball, 5, EV 94.4 MPH)
|
Batting: RHB Freddy Mullen
|
0-0: Ball 1-0: Ball 2-0: Called Strike 2-1: Ground out 6-3 (Groundball, 6, EV 87.5 MPH)
|
Batting: SHB Wayne Hattan
|
0-0: Foul Ball, location: 2F 0-1: Foul Ball, location: 2F 0-2: Ball 1-2: Foul Ball, location: 2F 1-2: Ball 2-2: Ground out 6-3 (Groundball, 6, EV 88.1 MPH)
|
Bottom of the 6th over - 0 runs, 0 hits, 0 errors, 0 left on base; Daytona 9 - Charlotte 2 |
TOP OF THE 7TH |
Daytona Tortugas batting - Pitching for Charlotte Stone Crabs : RHP Josh McMahan
|
Batting: LHB Manny Ruvalcaba
|
0-0: Ball 1-0: Ball 2-0: Ball 3-0: Called Strike 3-1: Fly out, F7 (Flyball, 7D, EV 100.6 MPH)
|
Batting: RHB Yasusaburo Kuwahara
|
0-0: Called Strike 0-1: Foul Ball, location: 2F 0-2: Strikes out swinging
|
Batting: SHB Bryan Johnston
|
0-0: Ball 1-0: Called Strike 1-1: Ball 2-1: Ball 3-1: Called Strike 3-2: Strikes out swinging
|
Top of the 7th over - 0 runs, 0 hits, 0 errors, 0 left on base; Daytona 9 - Charlotte 2 |
BOTTOM OF THE 7TH |
Charlotte Stone Crabs batting - Pitching for Daytona Tortugas : RHP Tyrese Barnett
|
Batting: RHB Jesse Haddad
|
0-0: Ground out 6-3 (Groundball, 6, EV 90.6 MPH)
|
Batting: RHB Kunizo Yanagisawa
|
0-0: Ball 1-0: Called Strike 1-1: Fly out, F7 (Flyball, 78D, EV 110.6 MPH)
|
Batting: RHB Chris Glavin
|
0-0: Ball 1-0: Ground out 6-3 (Groundball, 6, EV 89.4 MPH)
|
Bottom of the 7th over - 0 runs, 0 hits, 0 errors, 0 left on base; Daytona 9 - Charlotte 2 |
TOP OF THE 8TH |
Daytona Tortugas batting - Pitching for Charlotte Stone Crabs : RHP Josh McMahan
|
Batting: RHB Ricky Carbajal
|
0-0: Reached on error, E5 (Groundball, 56, EV 102.5 MPH)
|
Batting: SHB Tim Utz
|
0-0: Called Strike 0-1: Ground out 4-3 (Groundball, 4S, EV 71.2 MPH) Ricky Carbajal to second
|
Batting: RHB Danny Real
|
0-0: Ball 1-0: Swinging Strike 1-1: Ball 2-1: Fly out, F9 (Flyball, 9LS, EV 81.9 MPH)
|
Batting: SHB Paul Sandoval
|
0-0: Ball 1-0: Ball 2-0: Ball 3-0: Fly out, F5 (Popup, 25F, EV 75.0 MPH)
|
Top of the 8th over - 0 runs, 0 hits, 1 error, 1 left on base; Daytona 9 - Charlotte 2 |
BOTTOM OF THE 8TH |
Charlotte Stone Crabs batting - Pitching for Daytona Tortugas : RHP Tyrese Barnett
|
Pitching: RHP Gary King
|
|
Pinch Hitting: SHB Lou Kroneman
|
0-0: Foul Ball, location: 2F 0-1: Foul Ball, location: 2F 0-2: Strikes out looking
|
Batting: LHB Dan Hunt
|
0-0: Swinging Strike 0-1: Called Strike 0-2: Fly out, F9 (Flyball, 89D, EV 93.8 MPH)
|
Batting: RHB David Ward
|
0-0: Foul Ball, location: 2F 0-1: Fly out, F3 (Flyball, 3D, EV 85.0 MPH)
|
Bottom of the 8th over - 0 runs, 0 hits, 0 errors, 0 left on base; Daytona 9 - Charlotte 2 |
TOP OF THE 9TH |
Daytona Tortugas batting - Pitching for Charlotte Stone Crabs : RHP Josh McMahan
|
Now at SS: Lou Kroneman
|
|
Batting: RHB John Galluzzo
|
0-0: SINGLE (Groundball, 6MD, EV 95.0 MPH)
|
Pitching: LHP Tim Pulliam
|
|
Batting: RHB Tim Wormell
|
0-0: Called Strike 0-1: Ball 1-1: Ball 2-1: Ball 3-1: Swinging Strike 3-2: Strikes out looking
|
Batting: LHB Manny Ruvalcaba
|
0-0: Hit by Pitch John Galluzzo to second
|
Batting: RHB Yasusaburo Kuwahara
|
0-0: SINGLE (Groundball, 6, EV 95.0 MPH) John Galluzzo to third Manny Ruvalcaba to second Runner from 3rd tries for Home, SAFE, throw by LF to home
|
Batting: SHB Bryan Johnston
|
0-0: Foul Ball, location: 2F 0-1: Ball 1-1: Ball 2-1: Swinging Strike 2-2: Ball 3-2: Strikes out looking
|
Batting: RHB Ricky Carbajal
|
0-0: Ground out U3 (Groundball, 3, EV 88.8 MPH)
|
Top of the 9th over - 1 run, 2 hits, 0 errors, 2 left on base; Daytona 10 - Charlotte 2 |
BOTTOM OF THE 9TH |
Charlotte Stone Crabs batting - Pitching for Daytona Tortugas : RHP Gary King
|
Batting: RHB Adam Kaeser
|
0-0: Called Strike 0-1: Foul Ball, location: 2F 0-2: Ball 1-2: Ball 2-2: Ball 3-2: Base on Balls
|
Batting: RHB Freddy Mullen
|
0-0: Foul Ball, location: 2F 0-1: Foul Ball, location: 2F 0-2: Strikes out swinging
|
Batting: SHB Wayne Hattan
|
0-0: Ball 1-0: Called Strike 1-1: Called Strike 1-2: Strikes out swinging
|
Batting: RHB Jesse Haddad
|
0-0: Ball 1-0: Swinging Strike 1-1: Fielders Choice at 2nd, 6-4 (Groundball, 6, EV 82.5 MPH)
|
Bottom of the 9th over - 0 runs, 0 hits, 0 errors, 1 left on base; Daytona 10 - Charlotte 2 |
|